 Dungeon Crawl Stone Soup version 0.19.1 (webtiles) character file.

12238 Gargoyl the Cleaver (level 11, -21/101 HPs)
             Began as a Green Draconian Abyssal Knight on Dec 2, 2016.
             Was an Elder of Lugonu.
             Demolished by a komodo dragon (23 damage)
             ... on level 4 of the Lair of Beasts.
             The game lasted 00:32:35 (13650 turns).

Gargoyl the Cleaver (DrAK)                         Turns: 13650, Time: 00:32:36

Health: -21/101    AC: 11    Str: 20    XL:     11   Next: 59%
Magic:  13/17      EV: 16    Int: 13    God:    Lugonu [****..]
Gold:   608        SH:  0    Dex: 11    Spells: 0 memorised, 10 levels left

rFire  . . .     SeeInvis .     k - +1 war axe
rCold  . . .     Gourm    .     (armour unavailable)
rNeg   + . .     Faith    +     (no shield)
rPois  +         Spirit   .     m - +2 hat
rElec  .         Reflect  .     c - +0 cloak
rCorr  .         Harm     .     s - +0 pair of gloves
MR     .....                    (no boots)
Stlth  ++........               F - amulet of faith
                                G - ring of positive energy
                                t - +3 ring of strength

@: short of breath
A: breathe noxious fumes, unfitting armour, poison resistance, cold-blooded, AC
+7
a: Breathe Noxious Fumes, Depart the Abyss, Bend Space, Banish, Corrupt,
Renounce Religion


You were on level 4 of the Lair of Beasts.
You worshipped Lugonu.
Lugonu was greatly pleased with you.
You were hungry.

You visited 2 branches of the dungeon, and saw 13 of its levels.
You visited the Abyss 1 time.
You also visited: Sewer.

You collected 608 gold pieces.

Inventory:

Hand Weapons
 a - a +1 hand axe
 k - a +1 war axe (weapon)
Missiles
 f - 5 tomahawks
 q - a javelin (quivered)
Armour
 c - a +0 cloak (worn)
 m - a +2 hat (worn)
 s - a +0 pair of gloves (worn)
Jewellery
 t - a +3 ring of strength (left hand)
 F - an amulet of faith (around neck)
 G - a ring of positive energy (right hand)
Wands
 p - a wand of lightning (4/15)
 u - a wand of confusion (32/48)
 v - a wand of disintegration (10/24)
 y - a wand of paralysis (10/24)
 C - a wand of lightning (9/15)
 D - a wand of disintegration (10/24)
 H - a wand of paralysis (13/24)
 J - a wand of lightning (13/15)
Scrolls
 d - 6 scrolls of identify
 e - 5 scrolls of amnesia
 h - a scroll of blinking
 n - 3 scrolls of magic mapping
 x - 2 scrolls of fog
Potions
 g - a potion of flight
 j - 2 potions of brilliance
 l - 7 potions of curing
 z - a potion of cure mutation
 A - a potion of haste {unknown}
 E - a potion of invisibility {unknown}
 I - a potion of berserk rage {unknown}
 N - a potion of beneficial mutation {unknown}
Books
 r - a book of Cantrips

   Spells                             Type                      Level
   a - Confusing Touch                Hexes                        1
   b - Animate Skeleton               Necromancy                   1
   c - Summon Small Mammal            Summoning                    1
   d - Apportation                    Translocation                1
 K - a book of Misfortune

   Spells                             Type                      Level
   a - Confusing Touch                Hexes                        1
   b - Confuse                        Hexes                        3
   c - Gell's Gravitas                Hexes/Translocation          3
   d - Petrify                        Transmutation/Earth          4
   e - Metabolic Englaciation         Hexes/Ice                    5
   f - Yara's Violent Unravelling     Hexes/Transmutation          5
Comestibles
 b - 3 bread rations
 i - 2 beef jerkies
 o - 2 meat rations
 w - 16 fruits
 B - 2 slices of pizza
 M - 6 chunks of flesh


   Skills:
 * Level 10.4 Fighting
 + Level 10.9 Axes
 + Level 3.1 Throwing
 * Level 8.0 Dodging
 + Level 3.5 Stealth
 * Level 8.4 Invocations


You had 10 spell levels left.
You didn't know any spells.

Dungeon Overview and Level Annotations

Branches:
Dungeon (8/15)             Temple (0/1) D:6            Lair (5/6) D:8
 Shoals (0/4) Lair:3
  Snake: Lair:2-4    Spider: Lair:2-4     Slime: Lair:5-6

Altars:
Dithmenos
Elyvilon
Gozag
Makhleb
Ru
Uskayaw
Vehumet
Yredelemnul

Annotations:
D:4 Grinder


Innate Abilities, Weirdness & Mutations

You can breathe blasts of noxious fumes.
Your lurid green scales are hard. (AC +7)
You cannot fit into any form of body armour.
Your system is resistant to poisons. (rPois)
You are cold-blooded and may be slowed by cold attacks.


Message History

* * * LOW HITPOINT WARNING * * *
Press: ? - help, Shift-Dir - straight line, f - komodo dragon
Aim: a komodo dragon (heavily wounded)
You exhale a blast of noxious fumes.
The blast of choking fumes hits the komodo dragon.
The komodo dragon is heavily wounded.
You are feeling hungry.
The komodo dragon is engulfed in noxious fumes.
The komodo dragon bites you!
* * * LOW HITPOINT WARNING * * *
You feel much better.
The komodo dragon is engulfed in noxious fumes.
The komodo dragon bites you!!
* * * LOW HITPOINT WARNING * * *
Press: ? - help, Shift-Dir - straight line, f/p - komodo dragon
Aim: a komodo dragon (noxious fumes, heavily wounded, chance to defeat MR: 73%)
The komodo dragon struggles to resist.
You feel somewhat more hungry.
The komodo dragon is engulfed in noxious fumes.
The komodo dragon bites you!!
You die...

......### ......## .......#
### ......## #.## .......##
##..## # ........####
##....#.#.. ...........#
##P...$.....
#######....########...........
#P##...#§l@###..........
######..#.##.........F..
##...###...........
###††#............
##(h....h.......
#....(......... ##P...........
#..#......... P..##...)...


You could see a komodo dragon.

Vanquished Creatures
  Nergalle (Lair:2)
  A black mamba (Lair:2)
  4 spiny frogs
  2 komodo dragons
  Prince Ribbit (D:6)
  4 dream sheep (Lair:5)
  A hippogriff (D:7)
  10 yaks (Lair:2)
  Menkaure (D:7)
  8 water moccasins
  A hell hound (D:8)
  7 porcupines
  An orc warrior (D:6)
  An ice beast (D:5)
  A black bear (Lair:1)
  An ogre (D:8)
  A sky beast (D:8)
  The ghost of xsansara the Chiller, an amateur NaIE (D:3)
  6 centaurs
  21 wolves
  5 crocodiles
  2 big kobolds
  A gnoll sergeant (D:6)
  10 bullfrogs
  3 scorpions
  4 wights (D:7)
  A killer bee (D:8)
  4 howler monkeys
  2 crimson imps
  A jelly (D:5)
  A quasit (D:7)
  A hound (D:5)
  3 orc priests
  Crazy Yiuf (D:2)
  A bullfrog skeleton (D:4)
  A centaur skeleton (D:8)
  3 iguanas
  6 worker ants
  2 orc wizards
  A hound zombie (D:7)
  A hound skeleton (D:8)
  A worker ant zombie (D:7)
  7 gnolls
  13 adders
  2 river rats (Sewer)
  An ooze (D:3)
  A worm (D:5)
  3 dart slugs
  4 leopard geckos
  16 orcs
  2 bats (D:1)
  A giant cockroach (D:2)
  9 goblins
  7 hobgoblins
  10 jackals
  12 kobolds
  3 quokkas
  2 ball pythons (D:2)
  2 frilled lizards
  A jackal skeleton (D:8)
  A leopard gecko skeleton (D:6)
  A quokka skeleton (D:6)
  A quokka zombie (D:5)
  13 rats
  4 fungi (Lair:2)
245 creatures vanquished.

Vanquished Creatures (others)
  A hydra (Lair:4)
  A hell hound (D:8)
  A wight (D:7)
  3 fungi
6 creatures vanquished.

Grand Total: 251 creatures vanquished

Notes
Turn   | Place    | Note
-------+----------+-------------------------------------------
     0 | Abyss:1  | Gargoyl the Draconian Abyssal Knight began the quest for the Orb.
     0 | Abyss:1  | Reached XP level 1. HP: 19/19 MP: 2/2
    84 | Abyss:2  | Noticed a large abomination
   110 | Abyss:2  | Noticed a raiju
   110 | D:1      | Escaped the Abyss
   264 | D:1      | Reached * piety under Lugonu
   494 | D:1      | Reached XP level 2. HP: 27/27 MP: 3/3
  1119 | D:2      | Found a sacrificial altar of Ru.
  1125 | D:2      | Reached XP level 3. HP: 33/33 MP: 4/4
  1763 | D:2      | Reached XP level 4. HP: 23/41 MP: 5/5
  2192 | D:2      | Reached ** piety under Lugonu
  2371 | D:2      | Found a runed door.
  2375 | D:2      | Noticed Crazy Yiuf
  2389 | D:2      | Killed Crazy Yiuf
  2722 | D:2      | Reached XP level 5. HP: 40/47 MP: 6/6
  3171 | D:3      | Found a burning altar of Makhleb.
  3533 | D:3      | Noticed xsansara's ghost (amateur NaIE)
  3562 | D:3      | Killed xsansara's ghost
  3562 | D:3      | Reached XP level 6. HP: 34/55 MP: 8/8
  3701 | D:4      | Reached skill level 5 in Fighting
  3924 | D:4      | Noticed Grinder
  3932 | D:4      | Gained mutation: Your body sometimes deteriorates upon taking damage. [potion of mutation]
  3932 | D:4      | Gained mutation: Your spells are a little easier to cast, but a little less powerful. [potion of mutation]
  3932 | D:4      | Gained mutation: You are robust. (+10% HP) [potion of mutation]
  3937 | D:5      | Entered Level 5 of the Dungeon
  3969 | D:5      | Reached skill level 5 in Axes
  4340 | D:5      | Found a glowing drain.
  4377 | Sewer    | Entered a sewer
  4481 | Sewer    | Noticed Kloppie's ghost (amateur MfBe)
  4663 | D:5      | Your scales start taking on a lurid green colour.
  4663 | D:5      | Reached XP level 7. HP: 50/67 MP: 9/9
  4663 | D:5      | Gained mutation: Your system is resistant to poisons. (rPois) [Green Draconian growth]
  4711 | D:5      | Reached *** piety under Lugonu
  4806 | D:5      | Found a hide-covered altar of Uskayaw.
  4806 | D:5      | Found an opulent altar of Gozag.
  4807 | D:5      | Found a basalt altar of Yredelemnul.
  4807 | D:5      | Found a shadowy altar of Dithmenos.
  5051 | D:5      | Found a white marble altar of Elyvilon.
  5672 | D:6      | Reached XP level 8. HP: 54/77 MP: 11/11
  5786 | D:6      | Noticed Prince Ribbit
  5837 | D:6      | Found a staircase to the Ecumenical Temple.
  6128 | D:6      | Killed Prince Ribbit
  6128 | D:6      | Reached skill level 1 in Throwing
  6128 | D:6      | Reached skill level 1 in Stealth
  6322 | D:6      | Reached skill level 5 in Invocations
  6674 | D:7      | Noticed a hippogriff
  6682 | D:7      | Killed a hippogriff
  6714 | D:7      | Reached **** piety under Lugonu
  6968 | D:7      | Noticed Menkaure
  7119 | D:7      | Killed Menkaure
  7119 | D:7      | Reached XP level 9. HP: 76/86 MP: 13/13
  7227 | D:7      | Lost mutation: You are robust. (+10% HP) [potion of cure mutation]
  7227 | D:7      | Lost mutation: Your body sometimes deteriorates upon taking damage. [potion of cure mutation]
  7227 | D:7      | Lost mutation: Your spells are a little easier to cast, but a little less powerful. [potion of cure mutation]
  7266 | D:7      | Reached skill level 5 in Dodging
  8055 | D:8      | Found a radiant altar of Vehumet.
  8369 | D:8      | Found a staircase to the Lair.
  8817 | Lair:1   | Entered Level 1 of the Lair of Beasts
  8817 | Lair:1   | Noticed a spiny frog
  8825 | Lair:1   | Killed a spiny frog
  8939 | Lair:1   | Noticed a spiny frog
  8950 | Lair:1   | HP: 2/81 [wolf (8)]
  9315 | Lair:1   | Killed a spiny frog
  9529 | Lair:1   | Noticed a spiny frog
  9536 | Lair:1   | Killed a spiny frog
  9536 | Lair:1   | Reached XP level 10. HP: 73/90 MP: 14/14
 10679 | Lair:2   | Noticed a black mamba
 10693 | Lair:2   | Killed a black mamba
 10929 | Lair:2   | Noticed a spiny frog
 10933 | Lair:2   | Killed a spiny frog
 11079 | Lair:2   | Reached skill level 10 in Axes
 11105 | Lair:2   | Reached ***** piety under Lugonu
 11531 | Lair:2   | Reached XP level 11. HP: 68/97 MP: 16/16
 11907 | Lair:2   | Noticed Nergalle
 11936 | Lair:2   | Killed Nergalle
 12406 | Lair:2   | Reached skill level 10 in Fighting
 13462 | Lair:3   | Found a staircase to the Shoals.
 13510 | Lair:3   | You fall through a shaft for 2 floors!
 13568 | Lair:4   | Noticed a five-headed hydra
 13570 | Lair:4   | Banished a five-headed hydra
 13649 | Lair:4   | HP: 2/101 [komodo dragon (19)]
 13650 | Lair:4   | Demolished by a komodo dragon

Skill      XL: |  1  2  3  4  5  6  7  8  9 10 11 |
---------------+----------------------------------+-----
Fighting       | 4 5 6 7 8 9 10 | 10.4
Axes           | 3 4 5 6 7 9 10 | 10.9
Dodging        | 3 4 6 7 8 |  8.0
Invocations    | 3 4 5 6 7 8 |  8.4
Throwing       | 1 2 3 |  3.1
Stealth        | 1 2 3 |  3.5

Action                   |  1- 3 |  4- 6 |  7- 9 | 10-12 || total
-------------------------+-------+-------+-------+-------++-------
Melee: Hand axe          |   103 |    82 |       |       ||   185
       Tailslap          |     7 |    25 |    37 |    46 ||   115
       War axe           |       |   147 |   339 |   289 ||   775
Throw: Tomahawk          |     5 |    13 |     3 |     3 ||    24
       Javelin           |       |       |    12 |    71 ||    83
Invok: Depart the Abyss  |     1 |       |       |       ||     1
       Banish            |       |       |     2 |     4 ||     6
 Abil: Breathe Noxious F |       |       |    35 |    30 ||    65
  Use: Potion            |     2 |     8 |     3 |     1 ||    14
       Scroll            |       |     8 |     6 |     2 ||    16
 Stab: Sleeping          |       |     1 |     1 |     1 ||     3
       Confused          |       |       |     5 |    12 ||    17
  Eat: Chunk             |     3 |     6 |    16 |    20 ||    45
       Bread ration      |       |     1 |     1 |       ||     2
       Fruit             |       |       |     1 |       ||     1
Armor: Skin              |    39 |    87 |   132 |    87 ||   345
Dodge: Dodged            |    69 |   162 |   303 |   241 ||   775
